 Dungeon Crawl Stone Soup version 0.27-a0-760-gc38aae387d (webtiles) character file.

Game seed: 17996540795749228608

84 polve the Skirmisher (level 4, -1/35 HPs)
             Began as a Demonspawn Abyssal Knight on Mar 24, 2021.
             Was a Believer of Lugonu.
             Slain by a black bear (3 damage)
             ... on level 2 of the Dungeon.
             The game lasted 00:02:44 (3172 turns).

polve the Skirmisher (Demonspawn Abyssal Knight)    Turns: 3172, Time: 00:02:45

Health: -1/35      AC:  3    Str: 12    XL:     4   Next: 24%
Magic:  6/6        EV: 11    Int: 15    God:    Lugonu [**....]
Gold:   73         SH:  0    Dex: 12    Spells: 3/3 levels left

rFire    . . .     SeeInvis .   a - +1 falchion
rCold    . . .     Faith    .   (no shield)
rNeg     . . .     Spirit   .   b - +0 leather armour
rPois    .         Reflect  .   (helmet restricted)
rElec    .         Harm     .   (no cloak)
rCorr    .         Rampage  .   (no gloves)
Will     .....                  (no boots)
Stlth    +.........             (no amulet)
HPRegen  0.11/turn              (no ring)
MPRegen  0.10/turn              (no ring)

@: no status effects
A: horns 1
a: Renounce Religion, Depart the Abyss, Bend Space


You were on level 2 of the Dungeon.
You worshipped Lugonu.
Lugonu was pleased with you.
You visited 1 branch of the dungeon, and saw 2 of its levels.
You visited the Abyss 1 time.

You collected 73 gold pieces.

Inventory:

Hand Weapons
 a - a +1 falchion (weapon)
Armour
 b - a +0 leather armour (worn)
Scrolls
 c - a scroll of silence {unknown}
 e - a scroll of enchant armour {unknown}
 f - a scroll of summoning {unknown}
 g - a scroll of vulnerability {unknown}
 i - a scroll of fog {unknown}
 k - a scroll of torment {unknown}
Potions
 d - a potion of curing {unknown}
 h - a potion of resistance {unknown}
 j - 2 potions of heal wounds {unknown}


   Skills:
 + Level 3.5 Fighting
 + Level 2.4 Long Blades
 + Level 2.3 Armour
 + Level 1.7 Dodging
 + Level 3.3 Invocations


You had 3 spell levels left.
You didn't know any spells.
Your spell library was empty.

Dungeon Overview and Level Annotations

Branches:
Dungeon (2/15)

Altars:


Innate Abilities, Weirdness & Mutations

You have a pair of small horns on your head.


Message History

You are too injured to fight recklessly!
You are too injured to fight recklessly!
You are too injured to fight recklessly!
You are too injured to fight recklessly!
You are too injured to fight recklessly!
You are too injured to fight recklessly!
You are too injured to fight recklessly!
You are too injured to fight recklessly!
You are too injured to fight recklessly!
You are too injured to fight recklessly!
The worm bites you!
* * * LOW HITPOINT WARNING * * *
There is a large open door here.
The black bear misses you. The black bear claws you.
* * * LOW HITPOINT WARNING * * *
The black bear claws you but does no damage.
You see here the felid skeleton of Natasha.
A rat comes into view.
The rat bites you.
* * * LOW HITPOINT WARNING * * *
You hit the rat.
You kill the rat!
Lugonu accepts your kill. The black bear closely misses you.
The black bear barely misses you. The black bear claws you.
* * * LOW HITPOINT WARNING * * *
There is a stone staircase leading up here.
There is a stone staircase leading up here.
You hit the black bear. You headbutt the black bear.
The black bear is lightly wounded.
The black bear bites you but does no damage.
The black bear claws you.
* * * LOW HITPOINT WARNING * * *
The black bear claws you but does no damage.
You closely miss the black bear.
The black bear is lightly wounded.
The black bear bites you.
* * * LOW HITPOINT WARNING * * *
The black bear barely misses you. The black bear claws you.
You die...

....#.##.#.#.# #.#.#.####.#
.#..#.##.#.#.# #.#.#.# #.#
.#..#.##.#.#.###.#.#.# #.#
....#.##.#.#.......#.####.##
.#..#.#..#.#####.#.#.......#
...[..#..#.#...............#
###.#.#.##.#.....#.....#.#.#
#......##.#.....h.#.....#.#
.#....####.#..#.@#.#....[#.#
.#....# #.#..#..#.#.#####.#
.#..#># #.#.....#.#.....#.#
.#..#.# #.#...#.#.#.##.##.#
.#..#.# #.#...#.....##.##.#
.#..#.# #.#...###.####.##.#
.####.####.#...###.........#
.#.......#.#............####
##.......#.##############


You could see a black bear.

Vanquished Creatures
  Natasha (D:2)
  An adder (D:2)
  2 dart slugs
  5 bats
  4 endoplasms
  5 giant cockroaches
  3 goblins
  2 hobgoblins (D:1)
  2 jackals (D:1)
  3 kobolds (D:1)
  2 quokkas
  7 ball pythons
  2 frilled lizards (D:1)
  3 rats (D:2)
42 creatures vanquished.

Notes
Turn   | Place    | Note
-------+----------+-------------------------------------------
     0 | Abyss:1  | polve the Demonspawn Abyssal Knight began the quest for the
                  | Orb.
     0 | Abyss:1  | Reached XP level 1. HP: 18/18 MP: 2/2
     2 | Abyss:1  | Noticed a thrashing horror
     2 | Abyss:1  | Noticed a boulder beetle
     4 | D:1      | Escaped the Abyss
   201 | D:1      | Reached skill level 1 in Dodging
   381 | D:1      | Gained mutation: You have a pair of small horns on your
                  | head. [demonic ancestry]
   381 | D:1      | Reached XP level 2. HP: 24/24 MP: 4/4
   410 | D:1      | Reached * piety under Lugonu
  1346 | D:1      | Reached XP level 3. HP: 27/29 MP: 5/5
  2569 | D:2      | Reached ** piety under Lugonu
  2804 | D:2      | Noticed Natasha
  2814 | D:2      | Killed Natasha
  2815 | D:2      | Reached XP level 4. HP: 8/35 MP: 6/6
  3077 | D:2      | Noticed a black bear
  3172 | D:2      | Slain by a black bear

Illustrated notes

Levels and vault maps discovered:
D:1:      sevenhm_arrival_forest_fort_small_6, layout_rooms,
          serial_co_window_serial, co_window_of_opportunity_a,
          co_window_paths_a, co_window_paths_a, co_window_corner_a,
          co_window_paths_a, co_window_unsneaky_path_a, co_window_corner_ca,
          co_window_corner_b, co_window_4corner_b, co_window_sun,
          glass_columns_a, glass_columns_a
D:2:      kennysheep_big_flooded_room, layout_basic, uniq_terence, uniq_natasha

Skill      XL: |  1  2  3 |
---------------+----------+-----
Dodging        | 1 |  1.7
Long Blades    | 2 |  2.4
Armour         | 2 |  2.3
Invocations    | 3 |  3.3
Fighting       | |  3.5

Action                   |  1- 3 |  4- 6 || total
-------------------------+-------+-------++-------
Melee: Falchion          |   114 |     7 ||   121
       Headbutt          |    17 |     1 ||    18
Invok: Depart the Abyss  |     1 |       ||     1
 Stab: Sleeping          |     1 |       ||     1
Armor: Leather armour    |    41 |     7 ||    48
Dodge: Dodged            |    65 |     7 ||    72
       Rpst.: Falchion   |    22 |     2 ||    24

Table legend: (Time is in decaauts)
 A = Elapsed time spent in this place.
 B = Non-inter-level travel time spent in this place.
 C = Inter-level travel time spent in this place.
 D = Time resting spent in this place.
 E = Time spent auto-exploring this place.
 F = Levels seen in this place.
 G = Mean time per level.
                   A        B        C        D        E       F      G
               +--------+--------+--------+--------+--------+-----+--------+
         Total |   3194 |   3116 |     78 |      0 |   2711 |   3 | 1064.7 |
       Dungeon |   3190 |   3112 |     78 |      0 |   2711 |   2 | 1595.0 |
         Abyss |      4 |      4 |      0 |      0 |      0 |   1 |    4.0 |
               +--------+--------+--------+--------+--------+-----+--------+

Top non-repeatable levels by time:
     D:1: 1823 daAuts
     D:2: 1367 daAuts
 Abyss:1: 4 daAuts
